 Dungeon Crawl Stone Soup version 0.28-a0-409-g6a72785379 (webtiles) character file.

Game seed: 17324392427316637949

2429 MirrMurr the Thrower (level 9, -3/70 HPs)
             Began as a Gnoll Hunter on Sept 5, 2021.
             Slain by a killer bee (5 damage)
             ... on level 6 of the Dungeon on Sept 6, 2021.
             The game lasted 00:23:08 (12035 turns).

MirrMurr the Thrower (Gnoll Hunter)                Turns: 12035, Time: 00:23:09

Health: -3/70      AC: 10    Str: 12    XL:     9   Next: 48%
Magic:  15/15      EV: 13    Int: 20    God:
Gold:   348        SH:  0    Dex: 12    Spells: 7/16 levels left

rFire   . . .      SeeInvis .   a - +1 trident (pain)
rCold   . . .      Faith    .   (no shield)
rNeg    . . .      Spirit   .   y - +0 leather armour {Will+}
rPois   .          Reflect  .   q - +0 helmet
rElec   .          Harm     .   (no cloak)
rCorr   .          Rampage  .   r - +1 pair of gloves
Will    +....                   g - +2 pair of boots
Stlth   +++.......              n - amulet of magic regeneration
HPRegen 0.21/turn               k - +6 ring of intelligence
MPRegen 0.39/turn               (no ring)

@: lethally poisoned (-3 -> -7)
A: fangs 1, strong nose, distributed training
a: no special abilities


You were on level 6 of the Dungeon.
You visited 1 branch of the dungeon, and saw 7 of its levels.

You collected 348 gold pieces.

Inventory:

Hand Weapons
 a - a +1 trident of pain (weapon)
 b - a +0 rapier
 e - a +0 hunting sling
 F - a +1 antimagic hand axe
Missiles
 c - 6 javelins
 d - 7 throwing nets
 f - 107 stones
 s - 42 poisoned darts (quivered)
 v - 5 boomerangs
 w - 18 sling bullets
 E - a curare-tipped dart
Armour
 g - a +2 pair of boots (worn)
 q - a +0 helmet (worn)
 r - a +1 pair of gloves (worn)
 y - a +0 leather armour of willpower (worn)
Jewellery
 k - a +6 ring of intelligence (left hand)
 m - a +4 ring of evasion
 n - an amulet of magic regeneration (around neck)
Wands
 l - a wand of digging (9)
 t - a wand of polymorph (2)
Scrolls
 o - a scroll of magic mapping
 u - a scroll of fog
 x - a scroll of amnesia {unknown}
Potions
 h - 3 potions of lignification
 i - 2 potions of mutation
 j - a potion of resistance
 p - a potion of berserk rage {unknown}
 z - a potion of attraction {unknown}
 C - a potion of brilliance {unknown}
 D - a potion of might


   Skills:
 + Level 6.3 Fighting
 + Level 4.3 Short Blades
 + Level 4.3 Long Blades
 + Level 4.3 Axes
 + Level 4.3 Maces & Flails
 + Level 4.3 Polearms
 + Level 4.3 Staves
 + Level 4.3 Slings
 + Level 4.3 Bows
 + Level 4.3 Crossbows
 + Level 9.6 Throwing
 + Level 4.3 Armour
 + Level 6.3 Dodging
 + Level 5.0 Stealth
 + Level 4.3 Shields
 + Level 4.3 Unarmed Combat
 + Level 4.3 Spellcasting
 + Level 3.5 Conjurations
 + Level 3.5 Hexes
 + Level 3.5 Summonings
 + Level 3.5 Necromancy
 + Level 3.5 Translocations
 + Level 3.5 Transmutations
 + Level 3.5 Fire Magic
 + Level 3.5 Ice Magic
 + Level 3.5 Air Magic
 + Level 3.5 Earth Magic
 + Level 3.5 Poison Magic
 + Level 4.7 Invocations
 + Level 4.3 Evocations


You had 7 spell levels left.
You knew the following spells:

 Your Spells              Type           Power      Damage    Failure   Level
i - Invisibility          Hex            9%         N/A       99%         6
A - Apportation           Tloc           36%        N/A       3%          1
P - Passwall              Tmut/Erth      15%        N/A       5%          2

Your spell library contained the following spells:

 Spells                   Type           Power      Damage    Failure   Level
 Animate Skeleton         Necr           36%        N/A       3%          1
 Corona                   Hex            18%        N/A       3%          1
 Summon Small Mammal      Summ           72%        N/A       3%          1
 Ignite Poison            Fire/Tmut/Pois 18%        N/A       11%         3
 Ozocubu's Armour         Ice            18%        N/A       11%         3
 Stone Arrow              Conj/Erth      36%        3d9       11%         3
 Alistair's Intoxication  Tmut/Pois      12%        N/A       71%         5
 Ozocubu's Refrigeration  Ice            9%         4d6       100%        7


Dungeon Overview and Level Annotations

Branches:
Dungeon (7/15)
 Temple: D:4-7

Altars:
Dithmenos
Gozag
Nemelex Xobeh
Okawaru
Ru
Vehumet
The Shining One

Annotations:
D:3 2 transporters
D:7 Maggie


Innate Abilities, Weirdness & Mutations

You have very sharp teeth.
Your uncanny sense of smell can sniff out nearby items.
Your experience applies equally to all skills.


Message History

The killer bee barely misses you.
You feel sick.
You feel better. The killer bee barely misses you.
The killer bee stings you but does no damage. x3
You hit the killer bee.
The killer bee writhes in agony.
The killer bee is moderately wounded.
The killer bee stings you.
You are poisoned.
The killer bee poisons you! The killer bee stings you.
* * * LOW HITPOINT WARNING * * *
The killer bee barely misses you. The killer bee stings you.
* * * LOW HITPOINT WARNING * * *
You hit the killer bee but do no damage.
The killer bee writhes in agony.
Your punch misses the killer bee.
The killer bee is lightly wounded.
You feel sick.
The killer bee stings you but does no damage.
The killer bee closely misses you. x2; The killer bee stings you.
* * * LOW HITPOINT WARNING * * *
You are more poisoned.
The killer bee poisons you! The killer bee barely misses you.
You barely miss the killer bee.
The killer bee is lightly wounded.
You feel sick. The killer bee barely misses you. x2
The killer bee completely misses you. The killer bee misses you.
Unknown command.
You hit the killer bee.
The killer bee writhes in agony.
The killer bee is moderately wounded.
You feel sick. The killer bee barely misses you. x2
The killer bee stings you!
* * * LOW HITPOINT WARNING * * *
The killer bee stings you but does no damage.
You hit the killer bee but do no damage.
The killer bee writhes in agony.
The killer bee is heavily wounded.
* * * LOW HITPOINT WARNING * * *
You feel sick.
The killer bee stings you but does no damage. x2
The killer bee closely misses you. The killer bee stings you.
You die...

######## #......#
#####.####.# .(..#.#
#.# #####
....#.####.####y@.#
....')[).....>#y#.#
....#.###...).....#
....#.# #.)##..[#####
....'.# #..##.......#
....### #..<........#
###.#####......####.#
# #.#.......##.######
###.#.......+.....#


You could see 2 killer bees.

Vanquished Creatures
  Prince Ribbit (D:6)
  A wyvern (D:6)
  Eustachio (D:4)
  Duvessa (D:6)
  An ice beast (D:5)
  3 sky beasts
  3 black bears
  A necrophage (D:5)
  A centaur (D:6)
  2 ogres
  A kobold brigand (D:6)
  A scorpion (D:6)
  Dowan (D:6)
  A water moccasin zombie (D:6)
  A water moccasin skeleton (D:4)
  A hound (D:5)
  A jelly (D:6)
  2 centaur skeletons
  A gnoll shaman (D:6)
  4 iguanas
  Terence (D:2)
  2 orc wizards (D:6)
  A hound zombie (D:5)
  10 gnolls
  3 adders
  A howler monkey skeleton (D:5)
  2 shadow imps (D:6)
  4 worms
  3 dart slugs
  15 orcs
  5 endoplasms
  8 goblins
  2 hobgoblins (D:2)
  4 jackals (D:5)
  3 quokkas (D:2)
  4 ball pythons
  10 bats
  6 kobolds
  5 rats
118 creatures vanquished.

Vanquished Creatures (others)
  4 plants (D:2)
4 creatures vanquished.

Grand Total: 122 creatures vanquished

Notes
Turn   | Place    | Note
-------+----------+-------------------------------------------
     0 | D:1      | MirrMurr the Gnoll Hunter began the quest for the Orb.
     0 | D:1      | Reached XP level 1. HP: 20/20 MP: 1/1
   119 | D:1      | Got the Incunabulum of Destiny
   811 | D:1      | Reached XP level 2. HP: 24/26 MP: 2/2
  1731 | D:2      | Reached XP level 3. HP: 17/31 MP: 3/3
  2063 | D:2      | Noticed Terence
  2082 | D:2      | Killed Terence
  2083 | D:2      | Reached skill level 1 in Short Blades
  2083 | D:2      | Reached skill level 1 in Long Blades
  2083 | D:2      | Reached skill level 1 in Axes
  2083 | D:2      | Reached skill level 1 in Maces & Flails
  2083 | D:2      | Reached skill level 1 in Polearms
  2083 | D:2      | Reached skill level 1 in Staves
  2083 | D:2      | Reached skill level 1 in Slings
  2083 | D:2      | Reached skill level 1 in Bows
  2083 | D:2      | Reached skill level 1 in Crossbows
  2083 | D:2      | Reached skill level 1 in Armour
  2083 | D:2      | Reached skill level 1 in Shields
  2083 | D:2      | Reached skill level 1 in Unarmed Combat
  2083 | D:2      | Reached skill level 1 in Spellcasting
  2083 | D:2      | Reached skill level 1 in Invocations
  2083 | D:2      | Reached skill level 1 in Evocations
  2083 | D:2      | Reached XP level 4. HP: 23/38 MP: 5/5
  2846 | D:3      | Found a glowing golden altar of the Shining One.
  2942 | D:3      | Found a transporter.
  2978 | D:3      | Found a transporter.
  3227 | D:3      | Found a faded altar of an unknown god.
  3476 | D:3      | Reached skill level 1 in Conjurations
  3476 | D:3      | Reached skill level 1 in Hexes
  3476 | D:3      | Reached skill level 1 in Summonings
  3476 | D:3      | Reached skill level 1 in Necromancy
  3476 | D:3      | Reached skill level 1 in Translocations
  3476 | D:3      | Reached skill level 1 in Transmutations
  3476 | D:3      | Reached skill level 1 in Fire Magic
  3476 | D:3      | Reached skill level 1 in Ice Magic
  3476 | D:3      | Reached skill level 1 in Air Magic
  3476 | D:3      | Reached skill level 1 in Earth Magic
  3476 | D:3      | Reached skill level 1 in Poison Magic
  3632 | D:4      | Found a sparkling altar of Nemelex Xobeh.
  3633 | D:4      | Found a shadowy altar of Dithmenos.
  3634 | D:4      | Found an opulent altar of Gozag.
  3634 | D:4      | Found a sacrificial altar of Ru.
  3802 | D:4      | Reached XP level 5. HP: 26/43 MP: 5/7
  4104 | D:4      | Learned a level 1 spell: Apportation
  4107 | D:4      | Learned a level 2 spell: Passwall
  4846 | D:4      | Noticed Eustachio
  4878 | D:4      | Reached XP level 6. HP: 49/50 MP: 8/8
  6002 | D:4      | Killed Eustachio
  6003 | D:4      | Reached skill level 5 in Fighting
  6003 | D:4      | Reached skill level 5 in Dodging
  6454 | D:4      | Found a sparkling altar of Nemelex Xobeh.
  6455 | D:4      | Found a shadowy altar of Dithmenos.
  6456 | D:4      | Found an opulent altar of Gozag.
  6456 | D:4      | Found a sacrificial altar of Ru.
  6615 | D:5      | Entered Level 5 of the Dungeon
  6738 | D:5      | Noticed a sky beast
  6752 | D:5      | Noticed a necrophage
  6814 | D:5      | Killed a necrophage
  6815 | D:5      | Reached XP level 7. HP: 35/56 MP: 10/10
  7365 | D:5      | Reached skill level 9 in Throwing
  7623 | D:5      | Reached XP level 8. HP: 20/63 MP: 12/12
  8344 | D:6      | Learned a level 6 spell: Invisibility
  8355 | D:6      | Noticed a wyvern
  8480 | D:6      | Killed a wyvern
  9382 | D:6      | Reached XP level 9. HP: 45/69 MP: 14/14
  9968 | D:6      | Noticed Duvessa
  9970 | D:6      | Noticed Dowan
 10238 | D:6      | Killed Duvessa
 10249 | D:6      | Killed Dowan
 10865 | D:7      | Found an iron altar of Okawaru.
 10915 | D:7      | Noticed Maggie
 11052 | D:7      | Found a radiant altar of Vehumet.
 11066 | D:7      | Noticed Prince Ribbit
 11105 | D:6      | Upgraded the game from 0.28-a0-406-g4bac719ec2 to
                  | 0.28-a0-409-g6a72785379
 11357 | D:6      | Killed Prince Ribbit
 11358 | D:6      | Reached skill level 5 in Stealth
 12034 | D:6      | HP: 3/70 [killer bee (7)]
 12035 | D:6      | Slain by a killer bee

Illustrated notes

Levels and vault maps discovered:
D:1:      evilmike_arrival_plus, layout_basic, hex_large
D:2:      layout_loops_ring, serial_forest, infiniplex_forest_side_room,
          infiniplex_forest_lined_1, infiniplex_forest_straight_3,
          infiniplex_forest_clump_long, infiniplex_forest_split,
          infiniplex_forest_clump_small, infiniplex_forest_straight_2,
          uniq_terence
D:3:      gammafunk_steamed_eel, layout_basic, lemuel_coloured_pillars_altar,
          hellmonk_ecumenical_altar_zigzags
D:4:      layout_basic, mainiacjoe_overflow_alcove_3, corexii_shack,
          uniq_eustachio
D:5:      layout_basic, feat_on_display
D:6:      layout_basic, corexii_shack, uniq_duvessa
D:7:      layout_rooms, overflow_temple_1_default,
          mainiacjoe_overflow_cross_hatched, minmay_temple_entry_hall,
          uniq_crazy_yiuf_cottage, uniq_prince_ribbit1, uniq_maggie, uniq_pikel

Skill      XL: |  1  2  3  4  5  6  7  8  9 |
---------------+----------------------------+-----
Short Blades   | 1 2 3 4 |  4.3
Long Blades    | 1 2 3 4 |  4.3
Axes           | 1 2 3 4 |  4.3
Maces & Flails | 1 2 3 4 |  4.3
Polearms       | 1 2 3 4 |  4.3
Staves         | 1 2 3 4 |  4.3
Slings         | 1 2 3 4 |  4.3
Bows           | 1 2 3 4 |  4.3
Crossbows      | 1 2 3 4 |  4.3
Armour         | 1 2 3 4 |  4.3
Shields        | 1 2 3 4 |  4.3
Unarmed Combat | 1 2 3 4 |  4.3
Spellcasting   | 1 2 3 4 |  4.3
Invocations    | 1 2 3 4 |  4.7
Evocations     | 1 2 3 4 |  4.3
Conjurations   | 1 2 3 |  3.5
Hexes          | 1 2 3 |  3.5
Summonings     | 1 2 3 |  3.5
Necromancy     | 1 2 3 |  3.5
Translocations | 1 2 3 |  3.5
Transmutations | 1 2 3 |  3.5
Fire Magic     | 1 2 3 |  3.5
Ice Magic      | 1 2 3 |  3.5
Air Magic      | 1 2 3 |  3.5
Earth Magic    | 1 2 3 |  3.5
Poison Magic   | 1 2 3 |  3.5
Fighting       | 5 6 |  6.3
Dodging        | 5 6 |  6.3
Stealth        | 3 4 5 |  5.0
Throwing       | 9 |  9.6

Action                   |  1- 3 |  4- 6 |  7- 9 || total
-------------------------+-------+-------+-------++-------
Melee: Short sword       |    94 |    21 |       ||   115
       Bite              |     7 |    14 |    24 ||    45
       Trident           |       |   157 |   302 ||   459
       Punch             |       |     1 |       ||     1
       Unarmed           |       |    28 |       ||    28
Throw: Stone             |    11 |    51 |    76 ||   138
       Javelin           |     4 |     2 |       ||     6
       Throwing net      |     1 |       |       ||     1
       Dart              |       |    19 |    71 ||    90
  Use: Scroll            |       |    12 |     2 ||    14
       Potion            |       |     1 |     5 ||     6
 Stab: Sleeping          |     1 |       |       ||     1
Armor: Leather armour    |    27 |   118 |   140 ||   285
Dodge: Dodged            |    65 |   278 |   220 ||   563

Table legend: (Time is in decaauts)
 A = Elapsed time spent in this place.
 B = Non-inter-level travel time spent in this place.
 C = Inter-level travel time spent in this place.
 D = Time resting spent in this place.
 E = Time spent auto-exploring this place.
 F = Levels seen in this place.
 G = Mean time per level.
                   A        B        C        D        E       F      G
               +--------+--------+--------+--------+--------+-----+--------+
         Total |  12045 |  11449 |    596 |    918 |   8230 |   7 | 1720.7 |
       Dungeon |  12045 |  11449 |    596 |    918 |   8230 |   7 | 1720.7 |
               +--------+--------+--------+--------+--------+-----+--------+

Top non-repeatable levels by time:
     D:4: 2928 daAuts
     D:5: 2636 daAuts
     D:6: 2610 daAuts
     D:2: 1633 daAuts
     D:1: 1130 daAuts
     D:3: 942 daAuts
     D:7: 162 daAuts
